 Dungeon Crawl Stone Soup version 0.17-a0-2171-ga91b4ec (webtiles) character file.

154 kosy22 the Caller (level 5, -19/28 HPs)
             Began as a Tengu Summoner on Oct 25, 2015.
             Killed from afar by a gnoll (47 damage)
             ... with an exploding inner flame
             ... hexed by the player character
             ... on level 5 of the Dungeon.
             The game lasted 00:19:08 (3439 turns).

kosy22 the Caller (Tengu Summoner)                  Turns: 3439, Time: 00:19:09

Health: -19/28     AC:  8    Str:  8    XL:     5   Next: 35%
Magic:  11/11      EV: 15    Int: 16    God:
Gold:   135        SH:  0    Dex: 15    Spells: 3 memorised, 4 levels left

rFire  . . .     SeeInvis .     r - +0 shortbow (flame)
rCold  . . .     Clarity  .     a - +1 robe
rNeg   . . .     SustAt   .     (no shield)
rPois  .         Gourm    +     (helmet restricted)
rElec  .         Spirit   .     (no cloak)
rCorr  .         Warding  .     o - +2 pair of gloves
rMut   .         Stasis   .     (boots unavailable)
MR     .....                    e - amulet of the gourmand
Stlth  +++.......               (no ring)
                                j - ring of stealth

@: flying quickly and evasively, quick, not resistant to hostile enchantments,
fairly stealthy
A: beak, horns 1, talons 3, yellow scales 1, no device heal 1, able to fly 1
a: no special abilities


You were on level 5 of the Dungeon.
You were full.

You visited 1 branch of the dungeon, and saw 4 of its levels.

You collected 135 gold pieces.

Inventory:

Hand Weapons
 r - a +0 shortbow of flaming (weapon)
Missiles
 s - 20 arrows (quivered)
Armour
 a - a +1 robe (worn)
 o - a +2 pair of gloves (worn)
Jewellery
 e - an amulet of the gourmand (around neck)
 j - a ring of stealth (left hand)
 k - an uncursed amulet of guardian spirit
Scrolls
 f - a scroll of noise
Potions
 c - a potion of heal wounds {unknown}
 h - a potion of ambrosia {unknown}
 l - a potion of might {unknown}
 m - 2 potions of curing {unknown}
 q - a potion of lignification {unknown}
Books
 b - a book of Callings

   Spells                             Type                      Level
   a - Summon Small Mammal            Summoning                    1
   b - Call Imp                       Summoning                    2
   c - Call Canine Familiar           Summoning                    3
   d - Summon Guardian Golem          Hexes/Summoning              3
   e - Summon Lightning Spire         Summoning/Air                4
   f - Summon Ice Beast               Ice/Summoning                4
 n - an Akashic Record

   Spells                             Type                      Level
   a - Dispersal                      Translocation                6
   b - Malign Gateway                 Summoning/Translocation      7
   c - Disjunction                    Translocation                8
   d - Controlled Blink               Translocation                8
 p - a Fen Folio

   Spells                             Type                      Level
   a - Corpse Rot                     Necromancy                   2
   b - Stone Arrow                    Conjuration/Earth            3
   c - Leda's Liquefaction            Hexes/Earth                  4
   d - Summon Forest                  Summoning/Translocation      5
   e - Hydra Form                     Transmutation                6
   f - Summon Hydra                   Summoning                    7
Comestibles
 d - a bread ration


   Skills:
 + Level 0.4 Fighting
 + Level 2.5 Dodging
 + Level 2.4 Stealth
 + Level 3.4 Spellcasting
 + Level 6.2 Summonings


You had 4 spell levels left.
You knew the following spells:

 Your Spells              Type           Power        Failure   Level  Hunger
a - Summon Small Mammal   Summ           ###.         1%          1    None
b - Call Imp              Summ           ###.....     1%          2    ##.....
c - Call Canine Familiar  Summ           ###.....     4%          3    ###....


Dungeon Overview and Level Annotations

Branches:
Dungeon (5/15)
 Temple: D:4-7

Altars:

Shops:
D:5 *


Innate Abilities, Weirdness & Mutations

You have a beak for a mouth.
You have claws for feet.
You can fly.
You have a pair of small horns on your head.
You are partially covered in yellow scales (AC +2).
Potions and wands are less effective at restoring your health.


Message History

Wield which item (- for none, * to show all)? (? for menu, Esc to quit)
Okay, then.
Drink which item? (? for menu, Esc to quit)
It was a potion of flight.
You feel very buoyant.
You swoop lightly up into the air.
The gnoll closely misses you.
Your crimson imp hits the gnoll.
The gnoll barely misses you.
Really attack while wielding your +0 shortbow of flaming? [Y]es or [N]o only, please.
Really attack while wielding your +0 shortbow of flaming?
Okay, then.
Firing (i - inventory):
s - 20 arrows (quivered)
Press: ? - help, Shift-Dir - straight line, f - gnoll
Aim: a gnoll (lightly wounded, inner flame)
You shoot an arrow. The arrow hits the gnoll!
The arrow burns the gnoll.
The gnoll explodes!
The fiery explosion engulfs you!
Ouch! That really hurt!
You die...

#.....)#
######..#
#......#
####..#
########
#.....#
#.....#
########.....#
.............#
############.#
###§§...#####
#.@.5.......#
#g#########.#
#Y# #.# #..
#§# ### #g#
#.5 #... #....
####.#


You could see an ice beast (inner flame), a gnoll (inner flame) and a friendly
crimson imp.

Vanquished Creatures
  An adder (D:3)
  A gnoll (D:5)
  An ooze (D:2)
  An orc (D:3)
  4 kobolds
8 creatures vanquished.

Vanquished Creatures (collateral kills)
  A centaur (D:5)
  An iguana (D:5)
  A hound (D:5)
  2 gnolls (D:5)
  3 adders (D:2)
  An ooze (D:3)
  2 worms
  A giant gecko (D:1)
  An orc (D:3)
  A ball python (D:3)
  3 giant cockroaches
  6 goblins
  8 kobolds
  A quokka (D:3)
  3 bats
  6 giant newts
  8 rats
49 creatures vanquished.

Grand Total: 57 creatures vanquished

Notes
Turn   | Place    | Note
--------------------------------------------------------------
     0 | D:1      | kosy22 the Tengu Summoner began the quest for the Orb.
     0 | D:1      | Reached XP level 1. HP: 10/10 MP: 4/4
    74 | D:1      | Reached skill level 5 in Summonings
   481 | D:1      | Gained mutation: You have a pair of small horns on your head. [potion of mutation]
   481 | D:1      | Gained mutation: You are partially covered in yellow scales (AC +2). [potion of mutation]
   481 | D:1      | Gained mutation: Potions and wands are less effective at restoring your health. [potion of mutation]
   488 | D:1      | Reached XP level 2. HP: 15/15 MP: 1/6
  1345 | D:2      | Learned a level 2 spell: Call Imp
  1346 | D:2      | Reached XP level 3. HP: 16/19 MP: 0/7
  2413 | D:3      | Reached XP level 4. HP: 17/24 MP: 1/9
  2585 | D:3      | Learned a level 3 spell: Call Canine Familiar
  2844 | D:3      | You fall through a shaft for 2 floors!
  2844 | D:5      | Entered Level 5 of the Dungeon
  3029 | D:5      | Noticed a centaur
  3037 | D:5      | Killed a centaur
  3037 | D:5      | Reached skill level 6 in Summonings
  3037 | D:5      | Gained mutation: You can fly. [Tengu growth]
  3037 | D:5      | Reached XP level 5. HP: 24/28 MP: 1/10
  3100 | D:5      | Found Garulaev's Assorted Antiques.
  3433 | D:5      | Noticed an ice beast
  3439 | D:5      | Killed from afar by a gnoll

Vault maps used:
D:1:      scummos_arrival_star, grunt_decor_resistance
D:2:      lemuel_upstairs_altar, hex_medium
D:3:      nicolae_dithmenos_through_a_glass_darkly, roderic_roman_lattice,
          st_stairs_4, fountainhead, uniq_crazy_yiuf_cottage
D:5:      serial_shops, nicolae_shop_overgrown_old_shop, first_bread

Action                   |  1- 3 |  4- 6 || total
-------------------------+-------+-------++-------
Melee: Unarmed           |    40 |     3 ||    43
 Fire: Shortbow          |       |     8 ||     8
 Cast: Summon Small Mamm |    93 |     3 ||    96
       Call Imp          |    14 |    13 ||    27
       Call Canine Famil |       |     6 ||     6
 Abil: Fly               |       |     1 ||     1
  Use: Scroll            |     5 |     3 ||     8
       Potion            |     2 |     1 ||     3
 Stab: Distracted        |     1 |     1 ||     2
  Eat: Bread ration      |     1 |       ||     1
       Chunk             |    11 |     1 ||    12
